 Dungeon Crawl Stone Soup version 0.27.1 (webtiles) character file.

Game seed: 1334868477345563674

112 ZARRMARR the Chiller (level 4, -3/33 HPs)
             Began as a Ghoul Ice Elementalist on Aug 25, 2021.
             Slain by a kobold brigand (7 damage)
             ... in a sewer.
             The game lasted 00:11:37 (2801 turns).

ZARRMARR the Chiller (Ghoul Ice Elementalist)       Turns: 2801, Time: 00:11:37

Health: -3/33      AC:  5    Str: 11    XL:     4   Next: 93%
Magic:  1/9        EV: 12    Int: 11    God:
Gold:   80         SH:  0    Dex:  9    Spells: 10/11 levels left

rFire    . . .     SeeInvis .   (no weapon)
rCold    + . .     Faith    .   (no shield)
rNeg     + + +     Spirit   .   a - +0 robe
rPois    ∞         Reflect  .   (no helmet)
rElec    .         Harm     .   (no cloak)
rCorr    .         Rampage  .   (no gloves)
Will     .....                  g - +2 pair of boots
Stlth    ++........             (no amulet)
HPRegen  0.00/turn              b - ring of wizardry
MPRegen  0.11/turn              (no ring)

@: inhibited regen
A: claws 1, cold resistance 1, negative energy resistance 3, inhibited
regeneration, torment resistance 2
a: no special abilities


You were in a sewer.
You visited 1 branch of the dungeon, and saw 3 of its levels.
You also visited: Sewer.

You collected 80 gold pieces.

Inventory:

Armour
 a - a +0 robe (worn)
 g - a +2 pair of boots (worn)
Jewellery
 b - a ring of wizardry (left claw)
Scrolls
 c - a scroll of summoning
 e - a scroll of torment
 f - a scroll of immolation
 h - a scroll of fog {unknown}
 j - a scroll of noise {unknown}
Potions
 d - a potion of heal wounds
 i - a potion of curing


   Skills:
 - Level 1.7 Dodging
 - Level 2.1 Stealth
 + Level 4.1 Spellcasting
 - Level 4.3 Ice Magic


You had 10 spell levels left.
You knew the following spells:

 Your Spells              Type           Power      Damage    Failure   Level
a - Freeze                Ice            44%        1d6       1%          1

Your spell library contained the following spells:

 Spells                   Type           Power      Damage    Failure   Level
 Frozen Ramparts          Ice            22%        1d4       4%          3
 Ozocubu's Armour         Ice            11%        N/A       4%          3
 Hailstorm                Conj/Ice       7%         3d4       34%         4


Dungeon Overview and Level Annotations

Branches:
Dungeon (3/15)              Sewer (1/1)

Altars:

Shops:
D:2 :

Annotations:
Sewer Grinder


Innate Abilities, Weirdness & Mutations

You thrive by killing the living.
You are immune to poison.
You have sharp fingernails.
Your flesh is cold resistant. (rC+)
You are immune to negative energy. (rN+++)
You do not regenerate when monsters are visible.
You are immune to unholy pain and torment.


Message History

Confirm with . or Enter, or press ? or * to list all spells.
Aiming: Freeze (safe; 1% risk of failure)
Press: ? - help, Shift-Dir - straight line, f/p - kobold brigand
Aim: a kobold brigand, wielding a +0 short sword and quivering poisoned darts (lightly wounded)
You freeze the kobold brigand.
The kobold brigand is lightly wounded.
The kobold brigand hits you with a +0 short sword!
The giant cockroach waves its antennae.
The giant cockroach closely misses you.
Casting: Freeze (safe; 1% risk of failure)
Confirm with . or Enter, or press ? or * to list all spells.
Aiming: Freeze (safe; 1% risk of failure)
Press: ? - help, Shift-Dir - straight line, f/p - kobold brigand
Aim: a kobold brigand, wielding a +0 short sword and quivering poisoned darts (lightly wounded)
You freeze the kobold brigand.
The kobold brigand is moderately wounded.
The giant cockroach closely misses you.
The kobold brigand hits you with a +0 short sword!
* * * LOW HITPOINT WARNING * * *
You scratch the kobold brigand but do no damage.
The kobold brigand is moderately wounded.
The giant cockroach closely misses you.
The kobold brigand hits you with a +0 short sword.
* * * LOW HITPOINT WARNING * * *
You scratch the kobold brigand.
The kobold brigand is heavily wounded.
The giant cockroach bites you but does no damage.
The kobold brigand closely misses you.
You miss the kobold brigand.
The kobold brigand is heavily wounded.
The giant cockroach closely misses you. The kobold brigand misses you.
You barely miss the kobold brigand.
The kobold brigand is heavily wounded.
The giant cockroach bites you but does no damage.
The kobold brigand barely misses you. The giant cockroach misses you.
You closely miss the kobold brigand.
The kobold brigand is heavily wounded.
The giant cockroach bites you but does no damage.
The kobold brigand hits you with a +0 short sword!
You die...

.'.......'..
'.⌠._.⌠.'.. ...Z...'
.Z⌠K.. .KK#
#############K#######
#≈≈≈#≈≈≈≈≈≈#KK.#≈≈≈≈≈
#≈≈..≈≈≈≈≈KBKn..≈≈.≈.
#≈≈.#)....@#...#.....
#≈≈≈#'#######≈#######+#
#≈≈≈#......#≈≈≈#......#
#≈≈≈#≈.≈≈..#≈≈≈#..≈≈≈≈#
#≈≈≈#≈≈≈≈≈...≈....≈≈≈≈#
#≈≈≈#≈≈≈≈≈≈#...#≈≈≈≈≈≈#
#≈≈≈#≈≈≈≈≈≈≈...#≈≈≈≈≈≈#
#≈≈≈#≈≈≈≈≈≈#...#≈≈≈≈≈≈#
#≈≈≈≈≈≈#...≈≈≈≈≈≈≈#


You could see 2 kobold brigands, a necrophage, a giant cockroach and 6 kobolds.

Vanquished Creatures
  3 adders
  A shadow imp (Sewer)
  2 ufetubi (Sewer)
  A worm (D:2)
  An orc (D:3)
  5 endoplasms
  5 giant cockroaches
  4 goblins
  6 hobgoblins
  A quokka (D:3)
  3 ball pythons
  10 bats
  2 frilled lizards
  12 kobolds
  2 kobold zombies (Sewer)
  A rat (D:1)
59 creatures vanquished.

Vanquished Creatures (others)
  2 plants (D:1)
2 creatures vanquished.

Grand Total: 61 creatures vanquished

Notes
Turn   | Place    | Note
-------+----------+-------------------------------------------
     0 | D:1      | ZARRMARR the Ghoul Ice Elementalist began the quest for the
                  | Orb.
     0 | D:1      | Reached XP level 1. HP: 14/14 MP: 2/2
   223 | D:1      | Found a faded altar of an unknown god.
   297 | D:1      | Reached XP level 2. HP: 18/20 MP: 0/4
  1078 | D:2      | Found Muvaweem's Book Shop.
  1083 | D:2      | Reached XP level 3. HP: 26/26 MP: 1/6
  2147 | D:3      | Reached XP level 4. HP: 30/33 MP: 1/8
  2407 | D:3      | Found a glowing drain.
  2417 | Sewer    | Entered a sewer
  2764 | Sewer    | Found an ancient bone altar of Kikubaaqudgha.
  2764 | Sewer    | Noticed a kobold brigand
  2770 | Sewer    | Noticed a kobold brigand
  2780 | Sewer    | Noticed a necrophage
  2783 | Sewer    | Noticed Grinder
  2801 | Sewer    | Slain by a kobold brigand

Illustrated notes

Levels and vault maps discovered:
D:1:      dpeg_arrival_windows_large_door, layout_rooms, serial_forest,
          infiniplex_forest_fountain, infiniplex_forest_clump_small,
          infiniplex_forest_end_2, infiniplex_forest_lined_room_2,
          infiniplex_forest_straight_4, chequers_ecumenical_altar_simple_redux,
          minmay_box_of_dots
D:2:      layout_loops_cross, serial_shops, shop
D:3:      layout_basic, portal_sewer_entry_f
Sewer:    kennysheep_sewer_church

Skill      XL: |  1  2  3  4 |
---------------+-------------+-----
Spellcasting   | 2 3 4 |  4.1
Dodging        | |  1.7
Stealth        | |  2.1
Ice Magic      | |  4.3

Action                   |  1- 3 |  4- 6 || total
-------------------------+-------+-------++-------
Melee: Unarmed           |    34 |    48 ||    82
 Cast: Freeze            |    58 |    49 ||   107
  Use: Scroll            |     3 |       ||     3
 Stab: Sleeping          |     1 |       ||     1
Armor: Robe              |    29 |    41 ||    70
Dodge: Dodged            |    67 |    81 ||   148
